 Dungeon Crawl Stone Soup version 0.21.1-1-g345015f (webtiles) character file.

1383 Monsterracer the Chiller (level 8, -2/46 HPs)
             Began as an Octopode Ice Elementalist on Mar 23, 2018.
             Slain by a gnoll
             ... wielding a +0 whip
              (11 damage)
             ... on level 5 of the Dungeon.
             The game lasted 00:13:14 (6691 turns).

Monsterracer the Chiller (OpIE)                     Turns: 6691, Time: 00:13:15

Health: -2/46      AC: 14    Str:  8    XL:     8   Next: 67%
Magic:  0/15       EV: 13    Int: 19    God:
Gold:   302        SH:  0    Dex: 12    Spells: 4/16 levels left

rFire    . . .     SeeInvis .   b - +1 dagger (protect)
rCold    . . .     Gourm    .   (no shield)
rNeg     . . .     Faith    .   (helmet restricted)
rPois    .         Spirit   .   (no amulet)
rElec    .         Reflect  .   k - ring of wizardry
rCorr    .         Harm     .   (no ring)
MR       .....                  (no ring)
Stlth    ++++......             (no ring)
HPRegen  0.15/turn              (no ring)
MPRegen  0.14/turn              (no ring)
                                (no ring)
                                (no ring)

@: icy armour, protection aura, slow
A: almost no armour, stealthy swim, amphibious, 8 rings, constrict 8, camouflage
1, gelatinous body 1
a: no special abilities


You were on level 5 of the Dungeon.
You were very hungry.

You visited 1 branch of the dungeon, and saw 5 of its levels.

You collected 302 gold pieces.

Inventory:

Hand Weapons
 a - a +2 dagger of venom
 b - a +1 dagger of protection (weapon)
Jewellery
 k - a ring of wizardry (left tentacle)
Wands
 j - a wand of polymorph (11)
 m - a wand of random effects (28)
Scrolls
 i - 4 scrolls of teleportation
 p - a scroll of blinking
Potions
 d - 2 potions of ambrosia {unknown}
 e - a potion of haste
 f - 2 potions of heal wounds
 g - 2 potions of berserk rage {!q}
 h - a potion of agility {unknown}
 l - 2 potions of curing
 n - a potion of resistance {unknown}
 o - a potion of lignification {unknown}
Comestibles
 c - 10 rations


   Skills:
 + Level 2.7 Short Blades
 - Level 2.0 Dodging
 - Level 5.0 Stealth
 + Level 4.7 Spellcasting
 + Level 4.1 Conjurations
 + Level 0.5 Summonings
 * Level 7.5 Ice Magic


You had 4 spell levels left.
You knew the following spells:

 Your Spells              Type           Power        Failure   Level  Hunger
a - Freeze                Ice            ####         1%          1    None
c - Ozocubu's Armour      Chrm/Ice       ###.....     3%          3    ##.....
d - Throw Icicle          Conj/Ice       ####....     4%          4    ####...
f - Summon Ice Beast      Ice/Summ       ###.....     10%         4    ####...


Dungeon Overview and Level Annotations

Branches:
Dungeon (5/15)
 Temple: D:4-7

Altars:
Elyvilon
Kikubaaqudgha

Annotations:
D:5 Gobbopathe's ghost, novice SpAr


Innate Abilities, Weirdness & Mutations

You cannot wear most types of armour.
You are very stealthy in the water. (Stealth+)
You are amphibious.
You can wear up to eight rings at the same time.
You can use your tentacles to constrict eight enemies at once.
Your skin changes colour to match your surroundings (Stealth+).
Your rubbery body absorbs attacks. (AC +1, EV +1)


Message History

Aim: a gnoll shaman, wielding a club and wearing a leather armour (heavily wounded)
You freeze the gnoll shaman.
The gnoll shaman is severely wounded.
The gnoll misses you. The gnoll shaman barely misses you. The gnoll misses you.
Casting: Freeze
Confirm with . or Enter, or press ? or * to list all spells.
Aiming: Freeze
Press: ? - help, Shift-Dir - straight line, f/p - gnoll shaman
Aim: a gnoll shaman, wielding a club and wearing a leather armour (severely wounded)
You freeze the gnoll shaman.
You kill the gnoll shaman!
Training target 5.0 for Stealth reached!
Your Stealth skill increases to level 5!
The gnoll hits you but does no damage.
You now have 6/15 mp.
The gnoll closely misses you. The gnoll hits you but does no damage.
Things that are here:
a club; a leather armour; a gnoll corpse
Casting: Freeze
Confirm with . or Enter, or press ? or * to list all spells.
Aiming: Freeze
Press: ? - help, Shift-Dir - straight line, f - gnoll
Aim: a gnoll, wielding a spear (fast)
You freeze the gnoll.
The gnoll is moderately wounded.
The gnoll hits you with a spear. x2
You take 5 damage, and have 34/46 hp.
You now have 5/15 mp.
Casting: Freeze
Confirm with . or Enter, or press ? or * to list all spells.
Aiming: Freeze
Press: ? - help, Shift-Dir - straight line, f/p - gnoll
Aim: a gnoll, wielding a spear (moderately wounded, fast)
You freeze the gnoll.
The gnoll is moderately wounded.
The gnoll closely misses you.
You now have 4/15 mp.
Casting: Freeze
Confirm with . or Enter, or press ? or * to list all spells.
Aiming: Freeze
Press: ? - help, Shift-Dir - straight line, f/p - gnoll
Aim: a gnoll, wielding a spear (moderately wounded, fast)
You freeze the gnoll.
The gnoll is severely wounded.
The gnoll barely misses you. The gnoll hits you but does no damage.
You now have 3/15 mp.
Casting: Freeze
Confirm with . or Enter, or press ? or * to list all spells.
Aiming: Freeze
Press: ? - help, Shift-Dir - straight line, p - gnoll There's nothing close enough!
The gnoll hits you with a spear!
You take 9 damage, and have 25/46 hp.
You now have 2/15 mp.
You barely miss the gnoll. You grab the gnoll.
The gnoll is severely wounded.
You constrict the gnoll. The gnoll hits you with a spear!
* * * LOW HITPOINT WARNING * * *
You take 9 damage, and have 16/46 hp.
Casting: Freeze
Confirm with . or Enter, or press ? or * to list all spells.
Aiming: Freeze
Press: ? - help, Shift-Dir - straight line, f - gnoll
Aim: a gnoll, wielding a spear (almost dead, constricted by you, fast)
You freeze the gnoll.
You kill the gnoll!
You now have 2/15 mp.
Casting: Freeze
Confirm with . or Enter, or press ? or * to list all spells.
Aiming: Freeze
Press: ? - help, Shift-Dir - straight line, f - gnoll
Aim: a gnoll, wielding a whip You freeze the gnoll.
The gnoll is moderately wounded.
The gnoll hits you with a whip.
* * * LOW HITPOINT WARNING * * *
You take 2 damage, and have 15/46 hp.
You now have 1/15 mp.
Casting: Freeze
Confirm with . or Enter, or press ? or * to list all spells.
Aiming: Freeze
Press: ? - help, Shift-Dir - straight line, f/p - gnoll
Aim: a gnoll, wielding a whip (moderately wounded)
You freeze the gnoll.
The gnoll is heavily wounded.
The gnoll hits you but does no damage.
You now have 0/15 mp.
You barely miss the gnoll. Your grab misses the gnoll.
The gnoll is heavily wounded.
The gnoll barely misses you.
You hit the gnoll.
Your weapon exudes an aura of protection.
Your grab misses the gnoll. Your squeeze misses the gnoll.
The gnoll is severely wounded.
The gnoll closely misses you.
You hit the gnoll but do no damage. Your grab misses the gnoll.
The gnoll is severely wounded.
The gnoll hits you with a whip.
* * * LOW HITPOINT WARNING * * *
You take 6 damage, and have 9/46 hp.
You hit the gnoll but do no damage. You grab the gnoll.
The gnoll is severely wounded.
You constrict the gnoll. The gnoll hits you with a whip!
You die...

.###.###... ## ##.##
# ##.# ## ##.##
.###.## ##### #.#..#
... #..#.# #.. #
#.##.# #.#####.#
#.##.# #....@g.#
..##.#######.#######
####.........#
#########.# #.# #.#
#.# ############.#
.............#


You could see a gnoll.

Vanquished Creatures
  Grinder (D:4)
  A phantom (D:4)
  A centaur (D:5)
  2 ogres (D:5)
  2 scorpions
  Crazy Yiuf (D:4)
  2 hounds (D:4)
  2 orc wizards
  A gnoll shaman (D:5)
  2 jellies
  Terence (D:2)
  Natasha (thrice) (D:4)
  2 iguanas (D:5)
  A worker ant (D:4)
  Robin (D:2)
  A gnoll (D:5)
  5 adders
  An ooze (D:1)
  2 worms
  7 dart slugs
  7 leopard geckos
  14 orcs
  A ball python (D:3)
  6 bats
  13 giant cockroaches
  13 goblins
  2 hobgoblins
  8 jackals
  4 kobolds
  3 frilled lizards (D:2)
  2 leopard gecko skeletons (D:4)
  3 quokka skeletons (D:4)
  5 rats
120 creatures vanquished.

Vanquished Creatures (collateral kills)
  A phantom (D:5)
  Blork the orc (D:4)
  A worker ant (D:4)
3 creatures vanquished.

Grand Total: 123 creatures vanquished

Notes
Turn   | Place    | Note
-------+----------+-------------------------------------------
     0 | D:1      | Monsterracer the Octopode Ice Elementalist began the quest for the Orb.
     0 | D:1      | Reached XP level 1. HP: 11/11 MP: 3/3
     1 | D:1      | Found a runed door.
    11 | D:1      | Noticed a jelly
   280 | D:1      | Reached XP level 2. HP: 17/17 MP: 5/5
   799 | D:1      | Reached XP level 3. HP: 21/21 MP: 6/6
   804 | D:1      | Learned a level 3 spell: Ozocubu's Armour
   950 | D:1      | Reached skill level 4 in Ice Magic
   969 | D:1      | Reached XP level 4. HP: 25/27 MP: 0/8
   975 | D:1      | Learned a level 4 spell: Throw Icicle
  1106 | D:2      | Noticed Terence
  1115 | D:2      | HP: 13/27 [Terence/short sword of draining (1)]
  1116 | D:2      | Killed Terence
  1388 | D:2      | Found a white marble altar of Elyvilon.
  1439 | D:2      | Noticed Robin
  1626 | D:1      | Reached XP level 5. HP: 26/31 MP: 9/9
  1671 | D:2      | Killed Robin
  1967 | D:2      | Reached skill level 5 in Ice Magic
  2593 | D:3      | Reached XP level 6. HP: 29/36 MP: 3/11
  3632 | D:4      | Noticed Grinder
  3636 | D:4      | Paralysed by Grinder for 6 turns
  3705 | D:4      | Noticed a phantom
  3727 | D:4      | Learned a level 4 spell: Summon Ice Beast
  3784 | D:4      | Noticed Natasha
  3791 | D:4      | HP: 17/36 [shadow imp/nerve-wracking pain[Natasha] (5)]
  3794 | D:4      | HP: 3/36 [shadow imp/nerve-wracking pain[Natasha] (13)]
  3795 | D:4      | Killed Natasha
  3795 | D:4      | Reached skill level 6 in Ice Magic
  4043 | D:4      | Noticed Natasha
  4047 | D:4      | Killed Natasha
  4047 | D:4      | Reached XP level 7. HP: 34/41 MP: 9/12
  4090 | D:4      | Noticed Blork the orc
  4099 | D:4      | Killed Blork the orc
  4112 | D:4      | HP: 20/41 [phantom (9)]
  4124 | D:4      | HP: 13/41 [phantom (7)]
  4151 | D:4      | HP: 10/41 [phantom (7)]
  4518 | D:4      | Found an ancient bone altar of Kikubaaqudgha.
  4553 | D:4      | Reached skill level 1 in Short Blades
  4807 | D:4      | Noticed Natasha
  4816 | D:4      | Killed Natasha
  4870 | D:4      | Paralysed by Grinder for 5 turns
  4884 | D:4      | Killed Grinder
  4884 | D:4      | Reached XP level 8. HP: 29/46 MP: 8/14
  5207 | D:4      | Found a runed door.
  5212 | D:4      | Noticed Crazy Yiuf
  5240 | D:4      | Killed Crazy Yiuf
  5391 | D:5      | Entered Level 5 of the Dungeon
  5433 | D:5      | HP: 19/46 [centaur/arrow (16)]
  5439 | D:5      | Reached skill level 7 in Ice Magic
  5710 | D:5      | Noticed Gobbopathe's ghost (novice SpAr)
  5715 | D:5      | HP: 17/46 [Gobbopathe's ghost (8)]
  5720 | D:5      | HP: 7/46 [poisoned by Gobbopathe's ghost]
  6328 | D:5      | HP: 23/46 [phantom (4)]
  6344 | D:5      | HP: 14/46 [phantom (6)]
  6365 | D:5      | HP: 11/46 [phantom (6)]
  6370 | D:5      | HP: 10/46 [phantom (1)]
  6678 | D:5      | Reached skill level 5 in Stealth
  6684 | D:5      | HP: 16/46 [gnoll/spear (9)]
  6690 | D:5      | HP: 9/46 [gnoll/whip (6)]
  6691 | D:5      | Slain by a gnoll

Skill      XL: |  1  2  3  4  5  6  7  8 |
---------------+-------------------------+-----
Ice Magic      | 4 5 6 7 |  7.5
Spellcasting   | 3 4 |  4.7
Conjurations   | 2 3 4 |  4.1
Stealth        | 4 5 |  5.0
Short Blades   | 1 2 |  2.7
Dodging        | |  2.0
Summonings     | |  0.5

Action                   |  1- 3 |  4- 6 |  7- 9 || total
-------------------------+-------+-------+-------++-------
Melee: Dagger            |    57 |    91 |   158 ||   306
       Constrict         |    13 |    26 |    15 ||    54
       Tentacles         |     6 |    12 |    20 ||    38
       Unarmed           |       |    14 |       ||    14
 Cast: Freeze            |    16 |    65 |    35 ||   116
       Ozocubu's Armour  |       |     8 |    12 ||    20
       Throw Icicle      |       |       |     5 ||     5
       Summon Ice Beast  |       |       |     4 ||     4
Evoke: Wand              |       |       |     7 ||     7
  Use: Scroll            |       |     6 |     1 ||     7
       Potion            |       |       |     1 ||     1
 Stab: Sleeping          |     6 |    16 |     4 ||    26
       Distracted        |       |     1 |       ||     1
       Invisible         |       |       |     1 ||     1
  Eat: Chunk             |       |    11 |     6 ||    17
       Ration            |       |       |     1 ||     1
Armor: Skin              |    19 |    41 |    56 ||   116
Dodge: Dodged            |    44 |    99 |    80 ||   223

Vault maps used:
D:1:      dpeg_arrival_caged_fury
D:2:      marbit_many_paths, uniq_terence, uniq_robin
D:3:      first_ration, minmay_misc_feat_x
D:4:      cheibrodos_quashed, overflow_temple_1_default, serial_column_ruins,
          column_ruins_corridor_water, column_ruins_grid_3,
          column_ruins_open_large, column_ruins_corridor_straight,
          column_ruins_grid_1, portal_sewer_entry_f, uniq_crazy_yiuf_cottage,
          uniq_grinder, uniq_natasha, uniq_blork_the_orc
